 Dungeon Crawl Stone Soup version 0.30-a0-1082-g70414cbcbb (webtiles) character file.

Game seed: 12679090631340703002

52 jimonade the Chiller (level 3, 0/21 HPs)
             Began as an Octopode Ice Elementalist on Apr 15, 2023.
             Succumbed to Sigmund's poison
             ... on level 3 of the Dungeon.
             The game lasted 00:05:18 (1684 turns).

jimonade the Chiller (Octopode Ice Elementalist)    Turns: 1684, Time: 00:05:18

Health: 0/21       AC:  7    Str:  7    XL:     3   Next: 85%
Magic:  2/6        EV: 10    Int: 17    God:
Gold:   106        SH:  0    Dex: 14    Spells: 0/6 levels left

rFire   . . .      SeeInvis .    (no weapon)
rCold   . . .      Faith    .    (no shield)
rNeg    . . .      Spirit   .    (helmet restricted)
rPois   .          Reflect  .    (no amulet)
rElec   .          Rampage  .    (no ring)
rCorr   .                        (no ring)
Will    .....                    (no ring)
Stlth   +++                      (no ring)
HPRegen 0.23/turn                (no ring)
MPRegen 0.10/turn                (no ring)
                                 (no ring)
                                 (no ring)

@: lethally poisoned (0 -> -9), ice-armoured, constricted
A: almost no armour, amphibious, 8 rings, camouflage 1, gelatinous body 1,
(nimble swimmer 1), tentacles
a: no special abilities


You were on level 3 of the Dungeon.
You visited 1 branch of the dungeon, and saw 3 of its levels.

You collected 106 gold pieces.

Inventory:

Hand Weapons
 i - a +0 sling
Missiles
 b - 10 poisoned darts
 c - 2 datura-tipped darts
Magical Staves
 q - a staff of earth
Wands
 l - a wand of flame (8)
 n - a wand of mindburst (1)
Scrolls
 d - a scroll of enchant armour
 e - 3 scrolls of identify
 f - a scroll of blinking
 j - a scroll of brand weapon
 k - a scroll of enchant weapon
Potions
 a - a potion of magic
 g - a potion of attraction {unknown}
 h - a potion of curing {unknown}
 m - a potion of flight {unknown}
 o - a potion of ambrosia {unknown}
 p - a potion of resistance {unknown}


   Skills:
 + Level 2.0 Dodging
 - Level 2.6 Stealth
 + Level 0.1 Unarmed Combat
 * Level 2.2 Spellcasting
 * Level 5.2 Ice Magic


You couldn't memorise any spells.
You knew the following spells:

 Your Spells              Type           Power      Damage    Failure   Level
a - Freeze                Ice            76%        1d8       2%          1
b - Ozocubu's Armour      Ice            19%        N/A       7%          3
c - Blink                 Tloc           2%         N/A       28%         2

Your spell library contained the following spells:

 Spells                   Type           Power      Damage    Failure   Level
 Frozen Ramparts          Ice            38%        1d6       7%          3
 Lesser Beckoning         Tloc           2%         N/A       28%         2
 Momentum Strike          Conj/Tloc      2%         3d8       28%         2
 Summon Ice Beast         Ice/Summ       10%        N/A       54%         4


Dungeon Overview and Level Annotations

Branches:
Dungeon (3/15)

Altars:
Ru

Annotations:
D:3 Sigmund


Innate Abilities, Weirdness & Mutations

You cannot wear most types of armour.
You are amphibious.
You can wear up to eight rings at the same time.
Your skin changes colour to match your surroundings (Stealth+).
Your rubbery body absorbs attacks. (AC +1, EV +1)
((You are camouflaged when in or above water. (Stealth+)))
You have tentacles for arms and can constrict up to eight enemies at once.


Message History

[Y]es or [N]o only, please.
Your icy armour will break if you move.
Continue? [Y]es or [N]o only, please.
Your icy armour will break if you move.
Continue?
Okay, then.
Unknown command.
Your icy armour will break if you move.
Continue?
You bump into the rock wall.
You feel very sick.
The ball python bites you but does no damage.
The ball python constricts you.
Your icy armour will break if you move.
Continue? [Y]es or [N]o only, please.
Your icy armour will break if you move.
Continue?
You bump into the rock wall.
You feel sick.
The ball python bites you but does no damage.
The ball python constricts you. Sigmund barely misses you.
The ball python bites you but does no damage.
The ball python constricts you.
Unknown command.
Unknown command.
Your icy armour will break if you move.
Continue?
You completely miss Sigmund.
Sigmund is moderately wounded.
You feel sick. The ball python barely misses you.
The ball python constricts you. Sigmund closely misses you.
Your icy armour will break if you move.
Continue?
You bump into the rock wall.
You feel sick. The ball python barely misses you.
The ball python constricts you.
Your icy armour will break if you move.
Continue?
You bump into the rock wall.
You feel sick.
The ball python bites you but does no damage.
The ball python constricts you.
Sigmund hits you with a +0 scythe of venom!
* * * LOW HITPOINT WARNING * * *
You are more poisoned.
Your icy armour will break if you move.
Continue?
You barely miss the ball python.
You feel less confused.
You die...

#.# #.# #.# ### #.#
.. #.# .# # ##.##
######@##....
##...###....@S......
#......†....####.###
##....##.#..# #
##.#.##.#..#
#.####.#.##.#.?#
#.†.[.......#...
######+#.####..#.
##....####..#..
##...........# ..


You could see Sigmund and a ball python.

Vanquished Creatures
  An adder (D:3)
  A worm (D:2)
  2 dart slugs (D:1)
  2 endoplasms (D:2)
  2 giant cockroaches
  3 goblins
  4 hobgoblins
  4 kobolds
  A quokka (D:3)
  A ball python (D:1)
  3 bats
  7 frilled lizards
  4 rats
35 creatures vanquished.

Notes
Turn   | Place    | Note
-------+----------+-------------------------------------------
     0 | D:1      | jimonade the Octopode Ice Elementalist began the quest for
                  | the Orb.
     0 | D:1      | Reached XP level 1. HP: 11/11 MP: 3/3
   153 | D:1      | Reached XP level 2. HP: 6/17 MP: 0/5
   830 | D:2      | Reached XP level 3. HP: 21/21 MP: 4/6
   942 | D:2      | Learned a level 3 spell: Ozocubu's Armour
   945 | D:2      | Learned a level 2 spell: Blink
  1052 | D:2      | Reached skill level 5 in Ice Magic
  1201 | D:2      | Found a sacrificial altar of Ru.
  1673 | D:3      | Noticed Sigmund
  1683 | D:3      | HP: 1/21 [Sigmund/+0 scythe of venom (9)]
  1684 | D:3      | Succumbed to Sigmund's poison

Illustrated notes

Levels and vault maps discovered:
D:1:      wander_arrival_chamber, layout_rooms, minmay_3d_cube
D:2:      layout_basic, basic_altar, minmay_misc_feat_diagonals
D:3:      layout_loops_corners, old_standard_altar, serial_shops, shop,
          uniq_robin, uniq_sigmund, uniq_jessica

Skill      XL: |  1  2  3 |
---------------+----------+-----
Ice Magic      | 5 |  5.2
Dodging        | |  2.0
Stealth        | |  2.6
Unarmed Combat | |  0.1
Spellcasting   | |  2.2

Action                     || total
---------------------------++-------
  Melee: Unarmed           ||    41
         Constrict         ||    13
         Punch             ||     4
         Tentacles         ||    11
   Cast: Freeze            ||    33
         Ozocubu's Armour  ||     4
    Use: Scroll            ||     4
   Stab: Sleeping          ||     5
 Armour: Skin              ||    14
  Dodge: Dodged            ||    57

Table legend: (Time is in decaauts)
 A = Elapsed time spent in this place.
 B = Non-inter-level travel time spent in this place.
 C = Inter-level travel time spent in this place.
 D = Time resting spent in this place.
 E = Time spent auto-exploring this place.
 F = Levels seen in this place.
 G = Mean time per level.
                   A        B        C        D        E       F      G
               +--------+--------+--------+--------+--------+-----+--------+
         Total |   1684 |   1562 |    122 |     48 |   1117 |   3 |  561.3 |
       Dungeon |   1684 |   1562 |    122 |     48 |   1117 |   3 |  561.3 |
               +--------+--------+--------+--------+--------+-----+--------+

Top non-repeatable levels by time:
     D:1: 780 daAuts
     D:2: 709 daAuts
     D:3: 195 daAuts
